Map: King's Cove LE

Players

Creed - Winner!

  • Race: Terran Terran
  • Spawn Location: 11:00

Mixu

  • Race: Zerg Zerg
  • Spawn Location: 5:00

Event: 2019 WCS Summer

VOD

Have the link to the VOD?

Description

Time

  • Played on: July 12, 2019, 7:43 a.m.
  • Length: 22:27

All games in this series

Show
View Real Time Build Order
Export as new Build Order

Creed Terran - Winner!

Build Orders: Reaper Expand, Hellion Banshee 

Get SALT Encoding   

  12  0:00  SCV  
  13  0:12  SCV  
  14  0:17  Supply Depot  
  14  0:24  SCV  
  15  0:39  SCV  
  15  0:40  Barracks  
  16  0:45  Refinery  
  16  0:51  SCV  
  17  1:03  SCV  
  18  1:15  SCV  
  19  1:28  Orbital Command, Reaper  
  20  1:42  Command Center  
  20  1:52  Supply Depot  
  20  1:53  SCV  
  21  1:59  Marine  
  22  2:05  SCV  
  23  2:10  Factory  
  23  2:16  Refinery  
  23  2:18  SCV  
  24  2:23  Barracks Reactor  
  24  2:30  SCV  
  25  2:42  SCV  
  26  2:54  Orbital Command, SCV  
  26  2:58  Starport  
  27  3:05  Barracks Tech Lab  
  27  3:07  Hellion x2  
  31  3:15  SCV  
  32  3:27  SCV x2  
  32  3:30  Hellion x2  
  32  3:33  Supply Depot  
  38  3:39  SCV x2  
  40  3:41  Viking  
  40  3:45  Cloaking Field  
  42  3:51  SCV x2  
  42  3:53  Hellion  
  42  3:55  Hellion  
  48  3:59  Supply Depot  
  48  4:03  SCV x2  
  50  4:11  Banshee  
  50  4:15  SCV  
  54  4:20  SCV  
  55  4:24  Supply Depot  
  55  4:28  Hellion x2  
  59  4:32  Armory, SCV  
  59  4:33  SCV  
  61  4:46  Command Center  
  61  4:51  Hellion x2  
  65  4:54  Banshee  
  65  4:55  SCV x2  
  65  4:58  Refinery  
  70  5:00  Refinery  
  70  5:21  Terran Vehicle And Ship Armor Level 1  
  70  5:47  Barracks Tech Lab  
  70  5:49  Factory  
  70  5:50  Supply Depot x2  
  70  5:51  SCV x2, Factory  
  70  5:52  Hellion  
  70  5:53  Hellion  
  67  5:59  Banshee  
  67  6:03  SCV x2  
  70  6:13  Orbital Command  
  70  6:14  Hellion x2  
  70  6:15  SCV x2  
  72  6:29  SCV x2  
  72  6:35  Hellion x2  
  73  6:41  SCV x2  
  73  6:44  Orbital Command  
  67  6:53  SCV  
  67  6:54  SCV  
  69  6:56  Hellion  
  69  6:57  Hellion  
  69  6:59  Cyclone x2, Infernal Pre-Igniter  
  69  7:00  Mag-Field Accelerator  
  79  7:05  SCV  
  79  7:06  SCV  
  81  7:10  SCV, Factory x2  
  81  7:14  Refinery  
  81  7:15  Refinery, Terran Vehicle And Ship Armor Level 2  
  82  7:17  SCV  
  82  7:18  SCV, Hellion  
  82  7:22  Hellion  
  88  7:23  Barracks Reactor, SCV  
  88  7:26  Starport Reactor  
  88  7:29  SCV, Supply Depot  
  90  7:30  SCV  
  90  7:31  Supply Depot  
  90  7:35  SCV  
  90  7:36  Cyclone  
  95  7:38  Cyclone  
  95  7:42  SCV x2  
  100  7:51  Hellion x2  
  104  7:52  Supply Depot  
  104  7:58  Factory Tech Lab x2  
  104  7:59  Liberator  
  104  8:03  Command Center  
  104  8:04  Liberator  
  104  8:09  Cyclone  
  104  8:10  SCV x3, Cyclone  
  113  8:15  Supply Depot x2  
  113  8:16  Supply Depot  
  116  8:23  SCV x3  
  122  8:27  Supply Depot  
  122  8:29  Cyclone  
  125  8:36  Cyclone  
  128  8:45  Liberator  
  128  8:47  Cyclone x2  
  134  8:53  SCV x3  
  137  9:00  Hellion x2  
  137  9:02  Cyclone  
  144  9:03  Liberator  
  144  9:05  SCV  
  144  9:08  Cyclone  
  151  9:27  Hellion x2  
  155  9:32  Supply Depot  
  155  9:33  Supply Depot  
  155  9:34  Engineering Bay  
  155  9:35  Liberator  
  148  9:45  Liberator  
  148  9:49  Cyclone x2  
  148  9:50  Hellion x2, Cyclone x2  
  164  10:00  SCV x2  
  169  10:12  Hellion  
  159  10:19  Terran Vehicle And Ship Armor Level 3  
  159  10:20  SCV x3  
  162  10:21  Cyclone  
  162  10:22  Cyclone x2  
  162  10:27  Refinery  
  171  10:28  Liberator x2  
  171  10:29  Armory  
  171  10:31  Refinery, Hellion x2  
  171  10:32  SCV x2  
  174  10:40  Command Center  
  176  11:00  Cyclone x2  
  176  11:01  Hellion x2  
  183  11:17  Liberator x2  
  183  11:22  Cyclone x2  
  187  11:35  Hellion, Factory, Cyclone  
  187  11:36  Hellion  
  187  11:39  Cyclone  
  176  11:55  Hellion x2  
  176  11:56  Factory  
  180  12:02  Planetary Fortress, Fusion Core  
  180  12:03  Starport  
  180  12:05  Hellion x2  
  180  12:07  Orbital Command, Cyclone  
  187  12:12  Liberator x2  
  184  12:22  Refinery  
  184  12:27  Refinery  
  190  12:37  Command Center, Cyclone x3  
  196  12:42  Command Center  
  199  12:55  Liberator x2  
  199  12:57  Cyclone  
  149  13:07  Hellion  
  149  13:08  Hellion  
  149  13:09  Cyclone x2  
  159  13:15  Command Center, Cyclone  
  159  13:16  Factory Reactor, Command Center  
  159  13:18  Factory Tech Lab  
  151  13:31  Cyclone  
  151  13:32  Hellion x2  
  151  13:36  Terran Vehicle Weapons Level 1, Terran Ship Weapons Level 1  
  151  13:38  Starport Tech Lab  
  151  13:41  Cyclone  
  154  13:47  Cyclone  
  154  13:48  Liberator x2, Cyclone  
  160  13:49  Cyclone  
  160  13:50  SCV x3  
  160  13:53  Liberator, Hellion  
  160  13:54  Sensor Tower, Hellion x2  
  160  13:55  Hellion  
  171  14:09  Advanced Ballistics  
  182  14:17  Cyclone, Hellion x4  
  182  14:18  Cyclone  
  182  14:19  Orbital Command  
  182  14:20  Cyclone  
  197  14:27  Cyclone  
  200  14:35  Starport  
  200  14:36  Starport  
  196  14:45  Liberator  
  196  14:46  Liberator x2  
  172  15:01  Cyclone x2  
  172  15:02  Hellion x3, Cyclone x2  
  165  15:26  Cyclone  
  165  15:27  Hellion x3  
  171  15:28  Liberator  
  171  15:35  Cyclone x3  
  178  15:37  Liberator x2  
  178  15:46  Hellion, Cyclone  
  178  15:48  Hellion x2  
  178  15:49  Planetary Fortress  
  190  15:50  Hellion  
  190  15:51  Orbital Command  
  195  15:58  Cyclone  
  198  16:11  Refinery  
  198  16:15  Refinery  
  198  16:17  Hellion  
  200  16:20  Terran Ship Weapons Level 2  
  200  16:21  Command Center  
  200  16:22  Terran Vehicle Weapons Level 2, Command Center  
  200  16:37  Starport Tech Lab, Starport Reactor  
  200  16:38  Starport Tech Lab  
  200  16:53  Liberator x3  
  165  17:02  Cyclone x5  
  165  17:03  Hellion x3  
  179  17:25  Hellion  
  171  17:34  Cyclone x2  
  171  17:36  Liberator  
  151  17:39  Cyclone x2, Hellion x2  
  151  17:43  Cyclone  
  148  17:47  Planetary Fortress  
  154  17:58  Battlecruiser x3  
  154  17:59  Refinery  
  154  18:00  Refinery  
  162  18:10  Orbital Command x2  
  159  18:16  Missile Turret  
  159  18:25  Missile Turret  
  159  18:34  Starport  
  159  18:35  Starport  
  159  18:46  Command Center  
  156  18:51  Command Center  
  150  19:03  Battlecruiser x3  
  150  19:07  Command Center, Terran Ship Weapons Level 3  
  159  19:11  Liberator x2  
  158  19:17  Hellion x4  
  170  19:40  Terran Vehicle Weapons Level 3  
  170  19:46  Starport Tech Lab x2  
  170  19:50  Weapon Refit  
  172  20:07  Battlecruiser  
  172  20:15  Orbital Command  
  172  20:21  Battlecruiser x4  
  190  20:22  Command Center  
  196  20:31  Sensor Tower, Missile Turret  
  196  20:32  Missile Turret  
  196  20:37  Missile Turret x2  
  196  20:54  Refinery, Missile Turret  
  196  20:57  Refinery  
  194  21:04  Planetary Fortress  
  194  21:07  Hi-Sec Auto Tracking  
  194  21:13  Planetary Fortress  
Show
View Real Time Build Order
Export as new Build Order

Mixu Zerg 

Build Orders: Hatch First 

Get SALT Encoding   

  12  0:02  Drone  
  13  0:16  Overlord  
  13  0:18  Drone  
  14  0:34  Drone x2  
  16  0:52  Hatchery  
  16  0:54  Drone  
  16  0:57  Drone  
  16  1:01  Drone  
  18  1:11  Extractor  
  17  1:17  Spawning Pool  
  16  1:20  Drone  
  16  1:23  Drone  
  18  1:31  Drone  
  19  1:44  Drone  
  20  1:56  Overlord  
  20  2:06  Queen  
  20  2:07  Queen  
  25  2:08  Zergling x4  
  25  2:12  Metabolic Boost  
  25  2:15  Drone  
  27  2:16  Drone  
  28  2:25  Drone  
  28  2:26  Drone  
  30  2:37  Drone x2  
  32  2:43  Queen  
  33  2:49  Overlord  
  33  2:50  Drone  
  34  2:57  Drone  
  34  2:58  Overlord  
  35  3:11  Drone x2  
  37  3:16  Drone x2  
  39  3:20  Queen  
  39  3:22  Drone x3  
  39  3:27  Hatchery  
  43  3:32  Drone x2  
  45  3:40  Drone  
  46  3:46  Overlord  
  46  3:52  Drone  
  46  3:53  Drone  
  46  3:54  Drone x2  
  50  4:00  Overlord  
  50  4:04  Queen  
  50  4:05  Drone x2  
  54  4:12  Overlord  
  54  4:15  Drone x2  
  54  4:16  Drone  
  57  4:20  Drone  
  58  4:28  Overlord x2  
  58  4:29  Drone  
  59  4:32  Drone x2  
  59  4:38  Drone  
  62  4:39  Drone x3  
  62  4:42  Queen  
  62  4:44  Queen  
  69  4:45  Zergling x4  
  69  4:48  Baneling Nest  
  69  4:50  Lair  
  69  4:52  Zergling x4  
  72  4:55  Zergling x2  
  73  5:01  Zergling x2  
  73  5:06  Spore Crawler x2  
  72  5:08  Zergling x10, Spore Crawler  
  72  5:12  Drone x2  
  78  5:20  Drone  
  79  5:28  Drone x5  
  84  5:34  Baneling x8  
  84  5:35  Queen x2, Overlord  
  86  5:41  Zergling x4  
  81  5:44  Zergling x4  
  81  5:47  Extractor x2, Roach Warren  
  81  5:48  Drone  
  77  5:54  Overseer, Overlord  
  68  5:58  Zergling x4  
  68  5:59  Zergling x2, Drone x4  
  72  6:04  Drone x4  
  72  6:10  Queen  
  72  6:11  Queen x2  
  77  6:12  Spore Crawler  
  77  6:16  Zergling x6  
  74  6:26  Drone x6  
  74  6:27  Spore Crawler  
  80  6:36  Roach x3  
  85  6:40  Glial Reconstitution  
  85  6:41  Drone  
  85  6:46  Drone x2  
  86  6:50  Drone x2  
  86  6:52  Hatchery  
  86  6:54  Drone x2  
  89  6:58  Drone x2  
  91  7:05  Extractor  
  91  7:07  Extractor  
  91  7:08  Drone  
  90  7:10  Drone x2  
  90  7:12  Evolution Chamber  
  90  7:13  Evolution Chamber  
  92  7:15  Roach  
  92  7:17  Roach  
  92  7:20  Roach x2  
  92  7:21  Overlord x2  
  96  7:34  Overlord x2  
  96  7:42  Zerg Missile Weapons Level 1, Zerg Melee Weapons Level 1  
  96  7:43  Drone  
  96  7:44  Drone x3  
  100  7:45  Drone x5  
  100  7:46  Extractor  
  100  7:47  Roach  
  106  7:54  Roach  
  106  7:55  Centrifical Hooks  
  108  8:00  Roach x2  
  112  8:05  Infestation Pit  
  112  8:07  Drone x4, Extractor  
  112  8:08  Drone x5  
  112  8:09  Extractor  
  118  8:13  Roach  
  118  8:17  Roach x2  
  124  8:20  Overlord  
  124  8:26  Overlord  
  124  8:28  Roach x2  
  124  8:32  Roach x2  
  132  8:38  Roach  
  132  8:42  Roach x5  
  132  8:44  Zergling x6  
  132  8:48  Overlord  
  145  8:50  Baneling x5, Roach x2  
  145  8:52  Ravager x2  
  145  8:54  Overlord  
  151  8:59  Roach x3  
  151  9:01  Overlord  
  151  9:04  Overlord  
  151  9:07  Drone x10  
  157  9:11  Overlord  
  157  9:13  Overlord  
  157  9:15  Spore Crawler x2  
  157  9:16  Hatchery  
  154  9:19  Infestor x2  
  158  9:25  Hive  
  158  9:27  Roach x3  
  158  9:29  Zergling x6  
  167  9:34  Infestor x2  
  167  9:38  Burrow  
  169  9:40  Roach  
  169  9:42  Roach x2  
  171  9:47  Roach x2  
  171  9:50  Pneumatized Carapace, Roach x3  
  171  9:52  Zerg Missile Weapons Level 2  
  176  9:54  Roach x2  
  173  10:01  Roach x4  
  169  10:11  Roach x4  
  154  10:22  Roach x3  
  154  10:28  Drone x3  
  159  10:34  Ravager x3  
  159  10:35  Ravager  
  163  10:41  Roach x3  
  168  10:48  Roach x4  
  176  10:52  Drone  
  176  10:53  Drone x2  
  177  10:57  Infestor  
  177  10:59  Ravager x2  
  177  11:02  Roach x2  
  177  11:03  Drone x2  
  175  11:05  Drone x2  
  175  11:09  Drone x3  
  175  11:13  Drone x2  
  175  11:15  Drone  
  177  11:21  Infestor  
  177  11:23  Drone x2  
  166  11:30  Drone x4  
  155  11:47  Drone x8  
  163  11:56  Drone x5  
  163  11:59  Spore Crawler  
  167  12:03  Drone x3  
  172  12:09  Extractor  
  165  12:16  Roach Warren  
  165  12:18  Zergling x12  
  143  12:41  Zerg Missile Weapons Level 3  
  143  12:42  Zerg Melee Weapons Level 2  
  141  12:48  Hatchery  
  116  12:59  Roach x12  
  124  13:10  Queen  
  124  13:11  Queen  
  124  13:12  Roach x3  
  130  13:21  Infestor x3  
  116  13:30  Queen  
  116  13:31  Queen  
  116  13:34  Roach x4  
  126  13:43  Infestor x4  
  126  13:48  Hatchery  
  133  13:54  Ravager  
  138  13:55  Drone x4  
  138  13:57  Drone x10  
  135  14:06  Drone x4  
  133  14:15  Roach x4  
  137  14:17  Queen  
  139  14:27  Drone x6  
  139  14:30  Ravager  
  139  14:31  Ravager x2  
  147  14:32  Ravager  
  147  14:33  Drone, Ravager  
  147  14:34  Drone  
  147  14:35  Roach  
  154  14:43  Roach x3  
  154  14:44  Roach  
  154  14:46  Roach  
  154  14:55  Roach x3  
  127  15:08  Drone x9  
  135  15:16  Drone x3  
  136  15:27  Drone x4  
  134  15:41  Drone x4  
  135  15:46  Roach x3  
  141  15:54  Roach x4  
  146  16:02  Drone x7  
  153  16:08  Drone x4  
  157  16:13  Ravager  
  157  16:14  Roach  
  157  16:16  Roach x2  
  164  16:19  Roach x2  
  168  16:25  Queen  
  168  16:28  Roach x4  
  178  16:35  Roach x2  
  181  16:40  Overlord  
  181  16:41  Overlord  
  158  16:56  Roach x10  
  167  17:02  Roach x4  
  163  17:09  Infestor  
  163  17:11  Zergling x16  
  164  17:20  Roach x2  
  158  17:24  Zergling x2  
  158  17:25  Zergling x2  
  152  17:34  Roach x4  
  128  17:45  Extractor  
  128  17:46  Extractor  
  128  17:51  Drone x2, Queen  
  126  17:52  Drone x2  
  126  17:55  Roach x3  
  134  18:00  Roach x2  
  127  18:13  Hatchery  
  127  18:16  Ravager  
  127  18:17  Ravager  
  128  18:21  Drone x9  
  137  18:30  Roach  
  137  18:31  Roach x2  
  137  18:32  Overlord  
  143  18:46  Roach x5  
  143  18:48  Overlord, Ravager  
  144  18:55  Queen x2  
  136  18:59  Infestor x2  
  142  19:07  Roach  
  142  19:08  Roach x3  
  143  19:15  Infestor  
  144  19:31  Hatchery  
  143  19:32  Roach x3  
  143  19:35  Ravager x2  
  151  19:41  Infestor  
  153  20:00  Roach x3  
  153  20:02  Overlord x2  
  159  20:09  Hatchery  
  159  20:11  Overlord  
  159  20:20  Overlord  
  159  20:22  Ravager x2  
  159  20:23  Ravager x2  
  159  20:24  Ravager  
  159  20:25  Ravager x3  
  159  20:26  Zergling x4  
  159  20:27  Zergling x6  
  172  20:32  Hatchery  
  172  20:33  Drone x3  
  172  20:35  Roach  
  176  20:39  Infestor  
  178  20:43  Roach  
  180  20:50  Roach  
  180  20:51  Roach  
  180  20:56  Roach x4  
  186  21:04  Roach x3  
  190  21:13  Overlord  
  190  21:20  Drone x2  
  192  21:31  Ravager x5  
  199  21:33  Roach  
  199  21:37  Overlord  
  190  21:53  Drone x12  
  156  22:00  Roach x2  
Tags
 
Add a new tag
Caveats
  • Supply blocks, unpowered buildings, or Contaminate may cause inaccurate times.
  • Supply counts are checked every 10 seconds.